 Dungeon Crawl Stone Soup version 0.28.0 (webtiles) character file.

Game seed: 14230313628834745447

44 RighteousDevil the Digger (level 3, -4/19 HPs)
             Began as a Gargoyle Earth Elementalist on Feb 5, 2022.
             Was a Believer of Ru.
             Slain by an iguana (5 damage)
             ... on level 2 of the Dungeon.
             The game lasted 00:01:54 (1697 turns).

RighteousDevil the Digger (GrEE)                    Turns: 1697, Time: 00:01:55

Health: -4/19      AC:  6    Str: 13    XL:     3   Next: 62%
Magic:  3/6        EV: 11    Int: 15    God:    Ru [**....]
Gold:   27         SH:  0    Dex: 10    Spells: 5/6 levels left

rFire   . . .      SeeInvis .   d - +3 short sword
rCold   . . .      Faith    .   (no shield)
rNeg    + . .      Spirit   .   h - +0 leather armour
rPois   ∞          Reflect  .   (no helmet)
rElec   +          Harm     .   (no cloak)
rCorr   .          Rampage  .   (no gloves)
Will    .....                   (no boots)
Stlth   ++........              (no amulet)
HPRegen 0.06/turn               (no ring)
MPRegen 0.10/turn               (no ring)

@: mighty
A: sickness immunity, AC +3, negative energy resistance 1, electricity
resistance, torment resistance 1, petrification resistance, hated by all
a: Renounce Religion


You were on level 2 of the Dungeon.
You worshipped Ru.
Ru was pleased with you.
You visited 1 branch of the dungeon, and saw 2 of its levels.

You collected 27 gold pieces.

Inventory:

Hand Weapons
 d - a +3 short sword (weapon)
Missiles
 c - 47 stones
Armour
 h - a +0 leather armour (worn)
Scrolls
 e - 2 scrolls of teleportation {unknown}
 f - 2 scrolls of identify {unknown}
Potions
 a - a potion of might
 b - 2 potions of resistance {unknown}
 g - a potion of degeneration {unknown}
 i - a potion of cancellation {unknown}


   Skills:
 + Level 3.1 Maces & Flails
 - Level 1.5 Dodging
 - Level 2.1 Stealth
 - Level 2.0 Spellcasting
 - Level 0.7 Transmutations
 - Level 3.6 Earth Magic


You had 5 spell levels left.
You knew the following spells:

 Your Spells              Type           Power      Damage    Failure   Level
a - Sandblast             Erth           24%        2d8       6%          1

Your spell library contained the following spells:

 Spells                   Type           Power      Damage    Failure   Level
 Passwall                 Tmut/Erth      6%         N/A       17%         2
 Stone Arrow              Conj/Erth      12%        3d7       38%         3
 Petrify                  Tmut/Erth      8%         N/A       75%         4


Dungeon Overview and Level Annotations

Branches:
Dungeon (2/15)

Altars:
Ru


Innate Abilities, Weirdness & Mutations

You are immune to sickness and miasma.
Your stone body is resilient. (AC +3)
You are immune to poison.
You resist negative energy. (rN+)
You are resistant to electric shocks. (rElec)
You are resistant to unholy torment.
You are immune to petrification.
You are hated by all.


Message History

You kill the hobgoblin!
No target in view!
Found a sedimented grey potion and 12 gold pieces.
Things that are here:
a +0 club; a +0 dagger; a goblin corpse
Found a book of Burglary.
An iguana comes into view.
The iguana bites you!
Ouch! That really hurt!
You see here a +0 buckler.
You are too injured to fight recklessly!
Casting: Sandblast (safe; 6% risk of failure)
Confirm with . or Enter, or press ? or * to list all spells.
Aiming: Sandblast (safe; 6% risk of failure)
Press: ? - help, Shift-Dir - straight line, f - iguana
Aim: an iguana (82% to hit)
The blast of sand hits the iguana.
The iguana is lightly wounded.
The iguana barely misses you.
Casting: Sandblast (safe; 6% risk of failure)
Confirm with . or Enter, or press ? or * to list all spells.
Aiming: Sandblast (safe; 6% risk of failure)
Press: ? - help, Shift-Dir - straight line, f/p - iguana
Aim: an iguana (lightly wounded, 82% to hit)
The blast of sand hits the iguana.
The iguana is lightly wounded.
The iguana closely misses you.
Casting: Sandblast (safe; 6% risk of failure)
Confirm with . or Enter, or press ? or * to list all spells.
Aiming: Sandblast (safe; 6% risk of failure)
Press: ? - help, Shift-Dir - straight line, f/p - iguana
Aim: an iguana (lightly wounded, 82% to hit)
The blast of sand misses the iguana.
The iguana bites you!
* * * LOW HITPOINT WARNING * * *
Unknown command.
Okay, then.
It was a potion of might.
You feel very mighty all of a sudden. The iguana bites you.
You die...

#..#
#..######.#
#.## ##......#.
#.# #..###...
##.# ##.#:#. ##
#..# ##.##.##$#
#.## #...#...#
#.# #.##)..#
#.## #.#!##l##
#..###
#.###.#@#
##...###.
...###
###...#.....
#..........
#####.#######..
......# #..
####### #..


You could see an iguana.

Vanquished Creatures
  2 adders (D:2)
  A dart slug (D:2)
  4 ball pythons (D:2)
  4 bats
  2 endoplasms (D:1)
  2 giant cockroaches (D:2)
  2 goblins (D:2)
  A hobgoblin (D:2)
  2 quokkas (D:1)
  A frilled lizard (D:1)
  2 kobolds (D:1)
  A rat (D:1)
24 creatures vanquished.

Notes
Turn   | Place    | Note
-------+----------+-------------------------------------------
     0 | D:1      | RighteousDevil the Gargoyle Earth Elementalist began the
                  | quest for the Orb.
     0 | D:1      | Reached XP level 1. HP: 10/10 MP: 3/3
   167 | D:1      | Reached skill level 1 in Maces & Flails
   355 | D:1      | Reached XP level 2. HP: 15/15 MP: 5/5
  1274 | D:2      | Found a faded altar of an unknown god.
  1289 | D:2      | Reached XP level 3. HP: 9/19 MP: 3/6
  1324 | D:2      | Prayed at the altar of an unknown god.
  1324 | D:2      | Became a worshipper of Ru the Awakened
  1338 | D:2      | Gained mutation: You are hated by all. [Ru sacrifice]
  1338 | D:2      | Reached * piety under Ru
  1338 | D:2      | Reached ** piety under Ru
  1697 | D:2      | Slain by an iguana

Illustrated notes

Levels and vault maps discovered:
D:1:      minmay_arrival_four_houses, layout_basic
D:2:      layout_loops_ring, nicolae_ecumenical_snake_handling,
          minmay_heptomino_o4

Skill      XL: |  1  2  3 |
---------------+----------+-----
Maces & Flails | 1 2 3 |  3.1
Dodging        | |  1.5
Stealth        | |  2.1
Spellcasting   | |  2.0
Transmutations | |  0.7
Earth Magic    | |  3.6

Action                   || total
-------------------------++-------
Melee: Short sword       ||    50
 Cast: Sandblast         ||    11
Invok: Sacrifice Love    ||     1
  Use: Potion            ||     1
 Stab: Sleeping          ||     2
Armor: Robe              ||    30
       Leather armour    ||     8
Dodge: Dodged            ||    43
